 Dungeon Crawl Stone Soup version 0.24-a0-190-g063869c372 (webtiles) character file.

Game seed: 15346196574793154918

14496 EnegeticOcto the Thaumaturge (level 12, -6/89 HPs)
             Began as a Gnoll Wanderer on Mar 17, 2019.
             Was a High Priest of Cheibriados.
             Mangled by a molten gargoyle
             ... wielding a +2 mace of protection
              (10 damage)
             ... in a volcano on Mar 18, 2019.
             The game lasted 00:27:19 (14175 turns).

EnegeticOcto the Thaumaturge (Gnoll Wanderer)      Turns: 14175, Time: 00:27:19

Health: -6/89      AC: 15    Str: 28    XL:     12   Next: 17%
Magic:  36/43      EV: 20    Int: 34    God:    Cheibriados [*****.]
Gold:   631        SH: 10    Dex: 28    Spells: 8/28 levels left

rFire    . . .     SeeInvis +   I - +7 falchion of Kismet {slice, rC+ SInv}
rCold    + . .     Gourm    .   b - +0 buckler
rNeg     . . .     Faith    .   J - +1 steam dragon scales
rPois    .         Spirit   .   d - +3 hat of Pondering {ponderous, MR+ MP+10 Int+5}
rElec    .         Reflect  +   B - +0 cloak
rCorr    .         Harm     .   o - +0 pair of gloves
MR       +....                  t - +1 pair of boots
Stlth    ++++......             p - +2 amulet of reflection
HPRegen  0.24/turn              x - ring of magical power
MPRegen  0.28/turn              K - +1 ring of evasion

@: very slow
A: distributed training, fangs 1, strong nose
a: Bend Time, Temporal Distortion, Slouch, Step From Time, Renounce Religion


You were in a volcano.
You worshipped Cheibriados.
Cheibriados was extremely pleased with you.
You were not hungry.

You visited 3 branches of the dungeon, and saw 12 of its levels.
You also visited: Ossuary, Bailey and Volcano.

You collected 631 gold pieces.

Inventory:

Hand Weapons
 k - a +3 spear of venom
 I - the +7 falchion of Kismet (weapon) {slice, rC+ SInv}
   (You found it on level 1 of the Lair of Beasts)

   It inflicts extra damage upon your enemies.
   It protects you from cold.
   It lets you see invisible.
Missiles
 G - 3 throwing nets (quivered) {!f}
Armour
 b - a +0 buckler (worn)
 d - the +3 hat of Pondering (worn) {ponderous, MR+ MP+10 Int+5}
   (You took it off Gastronok on level 9 of the Dungeon)

   It affects your intelligence (+5).
   It affects your resistance to hostile enchantments.
   It affects your magic capacity (+10).
 o - a +0 pair of gloves (worn)
 t - a +1 pair of boots (worn)
 y - a +1 helmet
 B - a +0 cloak (worn)
 J - +1 steam dragon scales (worn)
Jewellery
 p - a +2 amulet of reflection (around neck)
 x - a ring of magical power (left hand)
 H - an uncursed ring of resist corrosion
 K - a +1 ring of evasion (right hand)
Wands
 m - a wand of polymorph (9)
 u - a wand of digging (4)
 C - a wand of paralysis (4)
 L - a wand of enslavement (5)
 M - a wand of iceblast (2)
Scrolls
 a - 4 scrolls of enchant armour
 g - 2 scrolls of fear {!r}
 l - 4 scrolls of teleportation {@r3 !r}
 v - 5 scrolls of remove curse {@r2}
 A - 3 scrolls of enchant weapon
Potions
 c - 4 potions of lignification {@q6}
 f - 3 potions of haste
 h - 7 potions of curing {@q1}
 i - a potion of resistance {unknown}
 j - 2 potions of invisibility
 n - 3 potions of agility
 q - 2 potions of flight {unknown}
 r - 2 potions of heal wounds {unknown}
 s - 2 potions of might {unknown}
 w - 2 potions of mutation {unknown}
 z - a potion of degeneration {unknown}
 D - a potion of cancellation {unknown}
 E - a potion of ambrosia {unknown}
 F - a potion of magic {unknown}
Comestibles
 e - 17 rations
 N - 3 chunks of flesh


   Skills:
 + Level 6.9 Fighting
 + Level 6.9 Short Blades
 + Level 6.9 Long Blades
 + Level 6.9 Axes
 + Level 6.9 Maces & Flails
 + Level 6.9 Polearms
 + Level 6.9 Staves
 + Level 6.9 Slings
 + Level 6.9 Bows
 + Level 6.9 Crossbows
 + Level 6.9 Throwing
 + Level 6.9 Armour
 + Level 6.9 Dodging
 + Level 6.9 Stealth
 + Level 7.4 Shields
 + Level 6.9 Unarmed Combat
 + Level 8.6 Spellcasting
 + Level 5.7 Conjurations
 + Level 5.7 Hexes
 + Level 6.1 Charms
 + Level 6.1 Summonings
 + Level 5.7 Necromancy
 + Level 5.7 Translocations
 + Level 5.7 Transmutations
 + Level 6.1 Fire Magic
 + Level 5.7 Ice Magic
 + Level 8.0 Air Magic
 + Level 5.7 Earth Magic
 + Level 5.7 Poison Magic
 + Level 7.5 Invocations
 + Level 7.4 Evocations


You had 8 spell levels left.
You knew the following spells:

 Your Spells              Type           Power        Failure   Level  Hunger
a - Shock                 Conj/Air       ####         1%          1    None
b - Swiftness             Chrm/Air       ######..     1%          2    None
c - Static Discharge      Conj/Air       ######..     1%          3    None
d - Airstrike             Air            ######....   1%          4    None
e - Vampiric Draining     Necr           ######....   1%          3    None
f - Song of Slaying       Chrm           ######..     1%          2    None
g - Blink                 Tloc           N/A          1%          2    None
T - Regeneration          Chrm/Necr      ######....   1%          3    None

Your spell library contained the following spells:

 Spells                   Type           Power        Failure   Level  Hunger
 Animate Skeleton         Necr           N/A          1%          1    None
 Corona                   Hex            ######.      1%          1    None
 Magic Dart               Conj           ####         1%          1    None
 Pain                     Necr           ####         1%          1    None
 Sting                    Conj/Pois      ####         1%          1    None
 Call Imp                 Summ           ######..     1%          2    None
 Corpse Rot               Necr           N/A          1%          2    None
 Ensorcelled Hibernation  Hex/Ice        ######       1%          2    None
 Poisonous Vapours        Pois/Air       ######       1%          2    None
 Shroud of Golubria       Chrm/Tloc      ######....   1%          2    None
 Slow                     Hex            ######..     1%          2    None
 Confuse                  Hex            ######..     1%          3    None
 Conjure Flame            Conj/Fire      ######..     1%          3    None
 Dazzling Spray           Conj/Hex       ######       1%          3    None
 Mephitic Cloud           Conj/Pois/Air  ######..     1%          3    None
 Spider Form              Tmut/Pois      ######....   1%          3    None
 Tukima's Dance           Hex            ######..     1%          3    None
 Animate Dead             Necr           N/A          3%          4    None
 Lightning Bolt           Conj/Air       ######....   4%          5    ###....


Dungeon Overview and Level Annotations

Branches:
Dungeon (10/15)            Temple (1/1) D:5            Lair (1/6) D:9
    Orc: D:9-12

Altars:
Ashenzari
Cheibriados
Dithmenos
Elyvilon
Fedhas
Gozag
Hepliaklqana
Kikubaaqudgha
Makhleb
Nemelex Xobeh
Okawaru
Qazlal
Ru
Sif Muna
Trog
Uskayaw
Vehumet
Wu Jian
Xom
Yredelemnul
Zin
The Shining One


Innate Abilities, Weirdness & Mutations

Your experience applies equally to all skills.
You have very sharp teeth.
Your uncanny sense of smell can sniff out nearby items.


Message History

You block the molten gargoyle's attack. The molten gargoyle closely misses you.
You riposte.
You slash the molten gargoyle!
You bite the molten gargoyle, but do no damage.
The molten gargoyle is moderately damaged.
Things that are here:
a +0 spear; a salamander corpse You fail to use your ability.
The red draconian breathes flames at you.
The searing blast hits you!!
The molten gargoyle blasts magma at you!
The bolt of magma hits you.
You can feel time thicken for a moment.
You feel somewhat more hungry.
Cheibriados lowers the support of your attributes as your movement quickens.
You are engulfed in blazing flames.
* * * LOW HITPOINT WARNING * * *
You block the salamander's attack.
The molten gargoyle hits you with a +2 mace of protection!
* * * LOW HITPOINT WARNING * * *
You are engulfed in flames!
You die...

##.## . #(#
##'## ##.).##
#.....# ∆∆∆
#..∩..# ∆∆∆ ∆∆∆
#.....# ∆∆∆ ∆∆∆
###'### ∆∆∆
#d@9#
...'9....N.'...
######8_8######
#...# #####


You could see a red draconian, a salamander and 2 molten gargoyles.

Vanquished Creatures
  Gastronok (D:9)
  Harold (D:8)
  A two-headed ogre (D:8)
  A salamander mystic (Volcano)
  Pikel (D:6)
  An orc knight (Bailey)
  3 salamanders (Volcano)
  A jumping spider (Bailey)
  4 blink frogs (Lair:1)
  A hornet (D:10)
  2 hippogriffs
  4 yaks (D:10)
  A wyvern (D:8)
  A hungry ghost (D:10)
  9 fire bats
  2 water moccasins
  2 slaves (D:6)
  3 ice beasts
  7 orc warriors
  A sky beast (D:6)
  3 ogres
  4 phantoms
  2 centaurs
  A necrophage (D:8)
  2 big kobolds (D:10)
  A crocodile (Lair:1)
  An elf zombie (D:8)
  7 bullfrogs
  3 scorpions
  A water moccasin skeleton (D:2)
  17 killer bees
  A howler monkey (D:9)
  6 lava snakes (Volcano)
  2 crimson imps
  A human zombie (D:8)
  A quasit (D:6)
  A centaur zombie (D:9)
  2 hounds
  9 orc priests
  A jelly (D:8)
  4 bullfrog skeletons
  A gnoll shaman (D:8)
  A human skeleton (D:8)
  Jessica (D:2)
  5 orc wizards
  An iguana (D:8)
  4 worker ants
  4 big kobold zombies (Ossuary)
  A hound zombie (D:8)
  A mummy (Ossuary)
  5 gnolls (D:8)
  5 adders
  2 shadow imps
  3 oozes
  2 worms
  A dart slug (D:6)
  7 leopard geckos
  34 orcs
  2 spectral bats (Ossuary)
  A ball python (D:3)
  4 giant cockroaches
  8 gnoll zombies (Ossuary)
  14 goblins
  13 hobgoblins
  6 jackals
  9 quokkas
  A ball python skeleton (D:4)
  6 bats
  2 bat simulacra (Ossuary)
  6 frilled lizards
  A goblin simulacrum (Ossuary)
  6 goblin zombies (Ossuary)
  3 hobgoblin zombies (Ossuary)
  A jackal skeleton (D:7)
  12 kobolds
  5 kobold simulacra (Ossuary)
  A kobold zombie (Ossuary)
  A leopard gecko skeleton (D:6)
  An orc skeleton (D:8)
  10 orc zombies
  8 rats
  2 rat simulacra (Ossuary)
  6 spectral goblins (Ossuary)
  5 spectral kobolds (Ossuary)
  A spectral rat (Ossuary)
330 creatures vanquished.

Vanquished Creatures (others)
  A centaur (D:6)
  An iguana (D:6)
2 creatures vanquished.

Grand Total: 332 creatures vanquished

Notes
Turn   | Place    | Note
-------+----------+-------------------------------------------
     0 | D:1      | EnegeticOcto the Gnoll Wanderer began the quest for the
                  | Orb.
     0 | D:1      | EnegeticOcto set off with the following items: a +0 club, a
                  | potion of lignification {@q6}, a +0 robe, a ration; and the
                  | following spells available to memorise: Shock, Swiftness,
                  | Sting, Static Discharge, Airstrike, Spider Form, Lightning
                  | Bolt
     0 | D:1      | Reached XP level 1. HP: 13/13 MP: 6/6
     2 | D:1      | Learned a level 1 spell: Shock
   166 | D:1      | Reached XP level 2. HP: 19/19 MP: 1/7
   910 | D:1      | Reached skill level 5 in Spellcasting
   910 | D:1      | Reached XP level 3. HP: 22/25 MP: 4/9
  1420 | D:1      | Learned a level 2 spell: Swiftness
  1424 | D:1      | Learned a level 3 spell: Static Discharge
  1424 | D:1      | Upgraded the game from 0.24-a0-189-g5d897e9104 to
                  | 0.24-a0-190-g063869c372
  1504 | D:2      | Reached skill level 1 in Invocations
  1680 | D:2      | Reached skill level 1 in Fighting
  1680 | D:2      | Reached skill level 1 in Short Blades
  1680 | D:2      | Reached skill level 1 in Long Blades
  1680 | D:2      | Reached skill level 1 in Axes
  1680 | D:2      | Reached skill level 1 in Maces & Flails
  1680 | D:2      | Reached skill level 1 in Polearms
  1680 | D:2      | Reached skill level 1 in Staves
  1680 | D:2      | Reached skill level 1 in Slings
  1680 | D:2      | Reached skill level 1 in Bows
  1680 | D:2      | Reached skill level 1 in Crossbows
  1680 | D:2      | Reached skill level 1 in Throwing
  1680 | D:2      | Reached skill level 1 in Armour
  1680 | D:2      | Reached skill level 1 in Dodging
  1680 | D:2      | Reached skill level 1 in Stealth
  1680 | D:2      | Reached skill level 1 in Unarmed Combat
  1680 | D:2      | Reached XP level 4. HP: 32/32 MP: 3/11
  1926 | D:2      | Reached skill level 1 in Conjurations
  1926 | D:2      | Reached skill level 1 in Hexes
  1926 | D:2      | Reached skill level 1 in Necromancy
  1926 | D:2      | Reached skill level 1 in Translocations
  1926 | D:2      | Reached skill level 1 in Transmutations
  1926 | D:2      | Reached skill level 1 in Ice Magic
  1926 | D:2      | Reached skill level 1 in Earth Magic
  1926 | D:2      | Reached skill level 1 in Poison Magic
  2104 | D:2      | Reached XP level 5. HP: 37/37 MP: 6/12
  2345 | D:2      | Noticed Jessica
  2359 | D:2      | Killed Jessica
  3207 | D:3      | Found a sacrificial altar of Ru.
  3970 | D:3      | Reached XP level 6. HP: 15/44 MP: 5/13
  4727 | D:4      | Found an iron altar of Okawaru.
  5369 | D:5      | Entered Level 5 of the Dungeon
  5388 | D:5      | Found a staircase to the Ecumenical Temple.
  5393 | Temple   | Entered the Ecumenical Temple
  5458 | Temple   | Became a worshipper of Cheibriados the Contemplative
  5480 | D:5      | Learned a level 4 spell: Airstrike
  5538 | D:5      | Noticed an ice beast
  5544 | D:5      | Killed an ice beast
  5544 | D:5      | Reached XP level 7. HP: 50/50 MP: 1/15
  6274 | D:6      | Reached XP level 8. HP: 57/57 MP: 1/16
  7058 | D:6      | Found a hazy altar of Hepliaklqana.
  7059 | D:6      | Found a shimmering altar of Xom.
  7060 | D:6      | Noticed a spectral ugly thing
  7125 | D:6      | Noticed Pikel
  7375 | D:6      | Found a snail-covered altar of Cheibriados.
  7471 | D:6      | Killed Pikel
  7471 | D:6      | Reached XP level 9. HP: 65/65 MP: 0/18
  7641 | D:6      | Found an opulent altar of Gozag.
  8046 | D:6      | Reached * piety under Cheibriados
  8055 | D:6      | Learned a level 3 spell: Regeneration
  8059 | D:6      | Learned a level 3 spell: Vampiric Draining
  9031 | D:7      | Reached skill level 5 in Shields
  9031 | D:7      | Reached skill level 5 in Evocations
  9161 | D:7      | Found a blossoming altar of Fedhas.
  9823 | D:8      | Reached ** piety under Cheibriados
  9827 | D:8      | Reached skill level 5 in Invocations
  9877 | D:8      | Found a sand-covered staircase.
  9883 | Ossuary  | Entered an ossuary
  9993 | Ossuary  | Reached *** piety under Cheibriados
 10351 | D:8      | Reached **** piety under Cheibriados
 10356 | D:8      | Reached XP level 10. HP: 47/73 MP: 17/20
 10547 | D:8      | Noticed a two-headed ogre
 10580 | D:8      | Found a basalt altar of Yredelemnul.
 10683 | D:8      | Reached skill level 5 in Fighting
 10683 | D:8      | Reached skill level 5 in Short Blades
 10683 | D:8      | Reached skill level 5 in Long Blades
 10683 | D:8      | Reached skill level 5 in Axes
 10683 | D:8      | Reached skill level 5 in Maces & Flails
 10683 | D:8      | Reached skill level 5 in Polearms
 10683 | D:8      | Reached skill level 5 in Staves
 10683 | D:8      | Reached skill level 5 in Slings
 10683 | D:8      | Reached skill level 5 in Bows
 10683 | D:8      | Reached skill level 5 in Crossbows
 10683 | D:8      | Reached skill level 5 in Throwing
 10683 | D:8      | Reached skill level 5 in Armour
 10683 | D:8      | Reached skill level 5 in Dodging
 10683 | D:8      | Reached skill level 5 in Stealth
 10683 | D:8      | Reached skill level 5 in Unarmed Combat
 10725 | D:8      | Noticed Harold
 10746 | D:8      | Killed Harold
 11255 | D:8      | Killed a two-headed ogre
 11255 | D:8      | Reached skill level 5 in Charms
 11255 | D:8      | Reached skill level 5 in Summonings
 11255 | D:8      | Reached skill level 5 in Fire Magic
 11366 | D:8      | Found an ornate altar of the Wu Jian Council.
 11370 | D:8      | Found a bloodstained altar of Trog.
 11370 | D:8      | Found a blossoming altar of Fedhas.
 11383 | D:8      | Found a white marble altar of Elyvilon.
 11395 | D:8      | Found a shattered altar of Ashenzari.
 11454 | D:9      | Found a flagged portal.
 11475 | Bailey   | Entered a bailey
 11501 | Bailey   | Reached ***** piety under Cheibriados
 11770 | Bailey   | Noticed an orc knight
 11801 | Bailey   | an orc knight changed into a jumping spider
 12060 | Bailey   | Got a heavily runed shield
 12086 | Bailey   | Identified the -5 shield of the Butterfly {rF++} (You found
                  | it in a bailey)
 12111 | Bailey   | Noticed an orc knight
 12120 | Bailey   | Killed an orc knight
 12120 | Bailey   | Reached XP level 11. HP: 81/81 MP: 22/22
 12233 | D:9      | Noticed Gastronok
 12259 | D:9      | Killed Gastronok
 12259 | D:9      | Reached skill level 5 in Conjurations
 12259 | D:9      | Reached skill level 5 in Hexes
 12259 | D:9      | Reached skill level 5 in Necromancy
 12259 | D:9      | Reached skill level 5 in Translocations
 12259 | D:9      | Reached skill level 5 in Transmutations
 12259 | D:9      | Reached skill level 5 in Ice Magic
 12259 | D:9      | Reached skill level 5 in Earth Magic
 12259 | D:9      | Reached skill level 5 in Poison Magic
 12709 | D:9      | Found a staircase to the Lair.
 12751 | D:9      | Found an ancient bone altar of Kikubaaqudgha.
 12966 | D:10     | Entered Level 10 of the Dungeon
 13569 | D:10     | Identified An Early Guide to Casting
 13581 | D:10     | Learned a level 2 spell: Song of Slaying
 13623 | Lair:1   | Entered Level 1 of the Lair of Beasts
 13632 | Lair:1   | Got a steaming falchion
 13633 | Lair:1   | Identified the +7 falchion of Kismet {slice, rC+ SInv} (You
                  | found it on level 1 of the Lair of Beasts)
 13657 | Lair:1   | Learned a level 2 spell: Blink
 13752 | Lair:1   | Found a dark tunnel.
 13767 | Volcano  | Entered a volcano
 14106 | Volcano  | Noticed a salamander
 14115 | Volcano  | Killed a salamander
 14115 | Volcano  | Reached XP level 12. HP: 77/89 MP: 24/24
 14167 | Volcano  | Found a bloodstained altar of Trog.
 14173 | Volcano  | Noticed a red draconian
 14175 | Volcano  | HP: 4/89 [molten gargoyle/+2 mace of protection (7)]
 14175 | Volcano  | Mangled by a molten gargoyle

Levels and vault maps discovered:
D:1:      evilmike_arrival_hilbert_curve, layout_loops_corners,
          minmay_tetromino_s2
D:2:      layout_loops_corners, uniq_jessica
D:3:      layout_loops_cross, nicolae_ru_sacrificial_ziggurat
D:4:      layout_gridville, nicolae_overflow_crystal_walls, first_ration
D:5:      layout_basic, minmay_temple_entry_statues_pillars
D:6:      layout_layer_cave, regret_index_temple_of_mockery,
          nicolae_gozag_cash_rules_everything_around_me, kennysheep_slug_shrine,
          uniq_pikel
D:7:      layout_loops_ring, fedhas_altar_4
D:8:      layout_loops_cross, minmay_overflow_temple_star_hex, basic_altar,
          nicolae_ossuary_entry_catacombs, uniq_harold
D:9:      layout_cave_pools, lemuel_coloured_pillars_altar, dpeg_oklobed_lair,
          enter_bailey_3, uniq_gastronok
D:10:     layout_big_octagon
Temple:   jpeg_temple_clearing
Lair:1:   layout_hall_layers, nicolae_volcano_entry_batcave,
          serial_bayou_shore_a, grunt_megastairs_4, lemuel_fruit_tree
Ossuary:  ossuary_zaba_two_paths
Bailey:   bailey_polearm_1, bailey
Volcano:  volcano_grotto [vgs_original]

Skill      XL: |  1  2  3  4  5  6  7  8  9 10 11 12 |
---------------+-------------------------------------+-----
Charms         | 2 3 4 5 6 |  6.1
Summonings     | 2 3 4 5 6 |  6.1
Fire Magic     | 2 3 4 5 6 |  6.1
Spellcasting   | 5 6 7 8 |  8.6
Invocations    | 1 2 3 4 5 6 7 |  7.5
Fighting       | 1 2 3 4 5 6 |  6.9
Short Blades   | 1 2 3 4 5 6 |  6.9
Long Blades    | 1 2 3 4 5 6 |  6.9
Axes           | 1 2 3 4 5 6 |  6.9
Maces & Flails | 1 2 3 4 5 6 |  6.9
Polearms       | 1 2 3 4 5 6 |  6.9
Staves         | 1 2 3 4 5 6 |  6.9
Slings         | 1 2 3 4 5 6 |  6.9
Bows           | 1 2 3 4 5 6 |  6.9
Crossbows      | 1 2 3 4 5 6 |  6.9
Throwing       | 1 2 3 4 5 6 |  6.9
Armour         | 1 2 3 4 5 6 |  6.9
Dodging        | 1 2 3 4 5 6 |  6.9
Stealth        | 1 2 3 4 5 6 |  6.9
Unarmed Combat | 1 2 3 4 5 6 |  6.9
Conjurations   | 1 2 3 4 5 |  5.7
Hexes          | 1 2 3 4 5 |  5.7
Necromancy     | 1 2 3 4 5 |  5.7
Translocations | 1 2 3 4 5 |  5.7
Transmutations | 1 2 3 4 5 |  5.7
Ice Magic      | 1 2 3 4 5 |  5.7
Earth Magic    | 1 2 3 4 5 |  5.7
Poison Magic   | 1 2 3 4 5 |  5.7
Shields        | 3 4 5 6 7 |  7.4
Evocations     | 3 4 5 6 7 |  7.4
Air Magic      | 6 7 8 |  8.0

Action                   |  1- 3 |  4- 6 |  7- 9 | 10-12 || total
-------------------------+-------+-------+-------+-------++-------
Melee: Club              |    11 |       |       |       ||    11
       Bite              |     1 |     3 |    43 |    51 ||    98
       Spear             |       |    47 |   262 |   242 ||   551
       Falchion          |       |       |       |    33 ||    33
 Cast: Shock             |    58 |   101 |    97 |    43 ||   299
       Static Discharge  |       |    10 |    24 |    30 ||    64
       Airstrike         |       |     2 |    23 |    38 ||    63
       Regeneration      |       |       |     7 |     9 ||    16
       Vampiric Draining |       |       |       |     6 ||     6
Invok: Bend Time         |       |       |       |     3 ||     3
       Slouch            |       |       |       |     3 ||     3
Evoke: Wand              |       |       |       |     8 ||     8
  Use: Scroll            |       |     7 |     4 |       ||    11
       Potion            |       |       |     2 |       ||     2
 Stab: Sleeping          |     2 |       |    17 |    16 ||    35
       Invisible         |       |       |     4 |       ||     4
       Paralysed         |       |       |       |     6 ||     6
  Eat: Chunk             |     2 |    11 |     7 |     8 ||    28
       Ration            |       |     1 |     2 |       ||     3
Armor: Robe              |     3 |     9 |    48 |    11 ||    71
       Steam dragon scal |       |       |       |    39 ||    39
Dodge: Dodged            |    17 |    51 |   152 |   141 ||   361
Block: Buckler           |       |     2 |    77 |   106 ||   185
       Reflection        |       |       |     5 |     6 ||    11
       Rpst.: Falchion   |       |       |       |    15 ||    15

Table legend:
 A = Non-vault XP
 B = Vault XP
 C = Vault XP percentage of total XP
 D = Non-vault monster count
 E = Vault monster count
 F = Vault count percentage of total count
                 A         B        C        D         E       F
            +---------+---------+-------+---------+---------+-------
      Total |   10619 |   10090 |  48.7 |     224 |     106 |  32.1
            +---------+---------+-------+---------+---------+-------
        D:1 |      44 |       2 |   4.3 |      21 |       2 |   8.7
        D:2 |     156 |      37 |  19.2 |      25 |       1 |   3.8
        D:3 |     149 |       0 |   0.0 |      30 |       0 |   0.0
        D:4 |     152 |       0 |   0.0 |      10 |       0 |   0.0
        D:5 |     440 |       0 |   0.0 |       7 |       0 |   0.0
        D:6 |    1058 |     645 |  37.9 |      21 |       2 |   8.7
        D:7 |     977 |       0 |   0.0 |      14 |       0 |   0.0
        D:8 |    3228 |    1193 |  27.0 |      48 |       7 |  12.7
        D:9 |     680 |    2284 |  77.1 |      13 |       5 |  27.8
       D:10 |    2326 |       0 |   0.0 |      28 |       0 |   0.0
     Lair:1 |    1409 |     573 |  28.9 |       7 |       3 |  30.0
    Ossuary |       0 |     182 | 100.0 |       0 |      55 | 100.0
     Bailey |       0 |    1328 | 100.0 |       0 |      15 | 100.0
    Volcano |       0 |    3846 | 100.0 |       0 |      16 | 100.0
            +---------+---------+-------+---------+---------+-------
